 Dungeon Crawl Stone Soup version 0.21.0 (console) character file.

4447 hilaritas the Cleaver (level 10, -1/93 HPs)
             Began as a Hill Orc Fighter on Jan 7, 2018.
             Was a Believer of Beogh.
             Slain by Aviak's ghost (24 damage)
             ... on level 8 of the Dungeon.
             The game lasted 00:17:38 (7334 turns).

hilaritas the Cleaver (Hill Orc Fighter)            Turns: 7334, Time: 00:17:39

Health: -1/93      AC: 17    Str: 23    XL:     10   Next: 37%
Magic:  10/16      EV: 10    Int:  8    God:    Beogh [**....]
Gold:   119        SH:  0    Dex: 10    Spells: 9/9 levels left

rFire    + . .     SeeInvis .   B - +1 battleaxe (venom)
rCold    . . .     Gourm    .   (shield currently unavailable)
rNeg     . . .     Faith    .   b - +0 scale mail
rPois    .         Spirit   .   c - +0 helmet (curse)
rElec    .         Reflect  .   E - +2 cloak
rCorr    .         Harm     .   h - +0 pair of gloves
MR       .....                  (no boots)
Stlth    ..........             (no amulet)
HPRegen  0.25/turn              r - ring of protection from fire
MPRegen  0.15/turn              t - +3 ring of protection

@: no status effects
A: no striking features
a: Smiting, Renounce Religion


You were on level 8 of the Dungeon.
You worshipped Beogh.
Beogh was pleased with you.
You were not hungry.

You visited 1 branch of the dungeon, and saw 8 of its levels.
You visited the Abyss 1 time.

You collected 394 gold pieces.
You spent 275 gold pieces at shops.

Inventory:

Hand Weapons
 o - a +0 war axe of electrocution
 v - a +2 whip of flaming
 B - a +1 battleaxe of venom (weapon)
Missiles
 x - 2 throwing nets (quivered)
Armour
 b - a +0 scale mail (worn)
 c - a cursed +0 helmet (worn)
 h - a +0 pair of gloves (worn)
 E - a +2 cloak (worn)
Jewellery
 a - an uncursed ring of resist corrosion
 q - an uncursed ring of positive energy
 r - a ring of protection from fire (left hand)
 t - a +3 ring of protection (right hand)
Wands
 j - a wand of paralysis (4)
 l - a wand of iceblast (6)
 s - a wand of acid (5)
 A - a wand of flame (28)
Scrolls
 e - 5 scrolls of teleportation
 C - a scroll of enchant armour
 D - a scroll of magic mapping
Potions
 d - a potion of might
 g - a potion of ambrosia {unknown}
 i - 2 potions of heal wounds
 k - a potion of agility
 m - 2 potions of magic {unknown}
 n - a potion of haste
 u - 2 potions of cancellation {unknown}
 w - 2 potions of lignification {unknown}
Books
 p - a book of Conjurations

   Spells                             Type                      Level
   a - Magic Dart                     Conjuration                  1
   b - Searing Ray                    Conjuration                  2
   c - Dazzling Spray                 Conjuration/Hexes            3
   d - Fulminant Prism                Conjuration/Hexes            4
   e - Force Lance                    Conjuration/Translocation    4
   f - Iskenderun's Mystic Blast      Conjuration                  4
 y - a book of Maledictions

   Spells                             Type                      Level
   a - Corona                         Hexes                        1
   b - Ensorcelled Hibernation        Hexes/Ice                    2
   c - Confuse                        Hexes                        3
   d - Tukima's Dance                 Hexes                        3
   e - Dazzling Spray                 Conjuration/Hexes            3
Comestibles
 f - 16 rations


   Skills:
 - Level 10.0 Fighting
 - Level 10.0 Axes
 + Level 8.6 Armour
 * Level 1.3 Dodging
   Level 4.5 Shields
 * Level 8.1 Invocations


You had 9 spell levels left.
You didn't know any spells.

Dungeon Overview and Level Annotations

Branches:
Dungeon (8/15)             Temple (0/1) D:6
   Lair: D:8-11

Altars:
Dithmenos
Elyvilon
Makhleb
Okawaru
Qazlal
Sif Muna
Vehumet
Wu Jian

Shops:
D:4 [(=

Annotations:
D:8 Aviak's ghost, novice OgHu


Message History

Aviak's ghost hits you!!
You barely miss Aviak's ghost.
Aviak's ghost is heavily damaged.
Aviak's ghost hits you but does no damage.
Aiming: Smiting
Press: ? - help, Dir - move target cursor, f - Aviak's ghost Smite: Aviak's ghost (heavily damaged)
You smite Aviak's ghost!
Aviak's ghost is severely damaged.
Aviak's ghost hits you!
* * * LOW HITPOINT WARNING * * *
Okay, then.
Unknown command.
Aiming: Smiting
Press: ? - help, Dir - move target cursor, f/p - Aviak's ghost Smite: Aviak's ghost (severely damaged)
You smite Aviak's ghost!
Aviak's ghost is severely damaged.
Aviak's ghost hits you!!
You die...

#.##.#
######################.##.#
#..........((.(.....##.##..
###...#...#...#...#..##.####
#[.................._##.####
#.#...#...#...#...#..###....
#....................# #....
#.#################### #....
#.# ...# #....##.... #.#
######.#######.....#....
#.###......@W..........+....
#.....#.....................
#####.#.##.#.......###.###.#
#..................# #.#
###.##.#........#..###+#
#.##.#..###...#....+_#
##....#...........###+#
#...###.####...#..# #.#
####...###.# #......###.#
#..........####...........
#.....####........#.#.....


You could see Aviak's ghost.

Vanquished Creatures
  The ghost of ThereIsNoGod the Cleaver, a novice DsBe of Trog (D:7)
  Pikel (D:6)
  The ghost of Leibowitz the Cleaver, a novice HOGl of Okawaru (D:6)
  A cyclops (D:8)
  A hippogriff (D:7)
  A spriggan (D:7)
  A hungry ghost (D:7)
  Menkaure (D:4)
  An orc warrior (D:6)
  A sky beast (D:6)
  3 ogres
  2 centaurs
  3 bullfrogs (D:6)
  A scorpion (D:5)
  6 wights
  A howler monkey (D:5)
  A bullfrog zombie (D:5)
  A centaur zombie (D:7)
  5 hounds
  Crazy Yiuf (D:6)
  A bullfrog skeleton (D:4)
  2 orc priests
  A centaur skeleton (D:6)
  3 orc wizards
  3 iguanas
  7 worker ants
  A hound skeleton (D:6)
  8 gnolls
  4 adders
  3 oozes
  2 adder skeletons
  2 worms
  A dart slug (D:1)
  5 leopard geckos
  15 orcs
  10 bats
  2 giant cockroaches
  4 goblins
  9 hobgoblins
  5 jackals
  8 frilled lizards
  9 kobolds
  A quokka skeleton (D:4)
  10 rats
  A plant (D:4)
151 creatures vanquished.

Vanquished Creatures (others)
  2 wights (D:6)
  A howler monkey (D:6)
  A bullfrog zombie (D:6)
  A hound (D:6)
  A worker ant (D:6)
  A worm (D:3)
  2 orcs (D:3)
  A jackal (D:3)
  A rat (D:3)
11 creatures vanquished.

Grand Total: 162 creatures vanquished

Notes
Turn   | Place    | Note
-------+----------+-------------------------------------------
     0 | D:1      | hilaritas the Hill Orc Fighter began the quest for the Orb.
     0 | D:1      | Reached XP level 1. HP: 19/19 MP: 1/1
    40 | D:1      | Reached XP level 2. HP: 26/27 MP: 2/2
   358 | D:1      | Reached XP level 3. HP: 33/33 MP: 3/3
   650 | D:2      | Reached XP level 4. HP: 27/40 MP: 4/4
   829 | D:2      | Reached skill level 5 in Axes
  1487 | D:3      | Became a worshipper of Beogh the Brigand
  1494 | D:3      | Reached XP level 5. HP: 32/46 MP: 5/5
  1778 | D:3      | Found an ornate altar of the Wu Jian Council.
  2057 | D:4      | Noticed Menkaure
  2070 | D:4      | Killed Menkaure
  2070 | D:4      | Reached skill level 1 in Invocations
  2070 | D:4      | Reached XP level 6. HP: 36/53 MP: 5/7
  2297 | D:4      | Found Vinwuq's Jewellery Shoppe.
  2382 | D:4      | Reached * piety under Beogh
  2389 | D:4      | Reached XP level 7. HP: 25/60 MP: 8/8
  2615 | D:4      | Found Faabil's Antique Weapon Shoppe.
  3109 | D:4      | Found Qaoleh's Armour Emporium.
  3301 | D:5      | Entered Level 5 of the Dungeon
  3696 | D:5      | Reached skill level 5 in Fighting
  3761 | D:5      | Reached XP level 8. HP: 47/68 MP: 10/10
  4047 | D:5      | Reached skill level 10 in Axes
  4153 | D:5      | Reached ** piety under Beogh
  4626 | D:6      | Noticed Leibowitz's ghost (novice HOGl)
  4641 | D:6      | Killed Leibowitz's ghost
  4641 | D:6      | Reached skill level 5 in Invocations
  4967 | D:6      | Found a staircase to the Ecumenical Temple.
  4969 | D:6      | Reached skill level 5 in Armour
  4970 | D:6      | Noticed Pikel
  4983 | D:6      | Killed Pikel
  4983 | D:6      | Reached XP level 9. HP: 74/81 MP: 13/13
  5381 | D:6      | Found a burning altar of Makhleb.
  5530 | D:6      | Found a runed door.
  5704 | D:6      | Noticed Crazy Yiuf
  5709 | D:6      | Cast into level 1 of the Abyss (Crazy Yiuf)
  5741 | D:6      | Escaped the Abyss
  5742 | D:6      | Killed Crazy Yiuf
  5780 | D:7      | Found an iron altar of Okawaru.
  5949 | D:4      | Bought a runed battleaxe for 275 gold pieces
  6050 | D:7      | Noticed ThereIsNoGod's ghost (novice DsBe)
  6066 | D:7      | Killed ThereIsNoGod's ghost
  6066 | D:7      | Reached XP level 10. HP: 47/93 MP: 11/15
  6350 | D:7      | Found a radiant altar of Vehumet.
  6377 | D:7      | Reached skill level 10 in Fighting
  6791 | D:8      | Found a white marble altar of Elyvilon.
  6915 | D:8      | Found a shadowy altar of Dithmenos.
  6960 | D:8      | Found a deep blue altar of Sif Muna.
  6964 | D:8      | Found a burning altar of Makhleb.
  7053 | D:8      | Noticed a cyclops
  7054 | D:8      | Found a stormy altar of Qazlal.
  7061 | D:8      | Killed a cyclops
  7061 | D:8      | Reached skill level 1 in Dodging
  7322 | D:8      | Noticed Aviak's ghost (novice OgHu)
  7334 | D:8      | Slain by Aviak's ghost

Skill      XL: |  1  2  3  4  5  6  7  8  9 10 |
---------------+-------------------------------+-----
Axes           | 3 4 5 6 7 9 10 | 10.0
Fighting       | 4 5 7 9 10 | 10.0
Shields        | 4 |  4.5
Invocations    | 1 2 3 6 7 8 |  8.1
Armour         | 5 7 8 |  8.6
Dodging        | 1 |  1.3

Action                   |  1- 3 |  4- 6 |  7- 9 | 10-12 || total
-------------------------+-------+-------+-------+-------++-------
Melee: War axe           |   103 |   130 |   192 |       ||   425
       Battleaxe         |       |       |    15 |    51 ||    66
Invok: Convert to Beogh  |       |     1 |       |       ||     1
       Smiting           |       |       |     1 |     2 ||     3
  Use: Scroll            |     4 |     5 |     3 |     3 ||    15
       Potion            |       |       |     1 |       ||     1
  Eat: Chunk             |       |     5 |    14 |     1 ||    20
       Ration            |       |       |       |     1 ||     1
Armor: Scale mail        |    62 |    50 |    93 |    20 ||   225
Dodge: Dodged            |    35 |    38 |    72 |    26 ||   171
Block: Shield            |    67 |    63 |       |       ||   130
